| TOP OF THE 1ST |
|
Oakland Athletics batting - Pitching for Texas Rangers : LHP Alfonso Guillen
|
|
Pitching: LHP Alfonso Guillen
|
|
|
Batting: RHB Robby Juarez
|
0-0: Called Strike 0-1: Foul Ball, location: 2F 0-2: SOLO HOME RUN (Flyball, 7LD, EV 93.8 MPH), Distance : 354 ft
|
|
Batting: RHB Tim Cordle
|
0-0: Hit by Pitch
|
|
Batting: RHB Muneo Kawachi
|
0-0: Foul Ball, location: 2F 0-1: Ball 1-1: Ball 2-1: DOUBLE (Line Drive, 89M, EV 105.0 MPH) Tim Cordle to third
|
|
Batting: RHB Nick Gentzel
|
0-0: Ball 1-0: Called Strike 1-1: Ball 2-1: Ball 3-1: Base on Balls
|
|
Batting: RHB Yonetoshi Muranaka
|
0-0: Fly out, F8 (Flyball, 8LD, EV 90.6 MPH)
|
|
Batting: SHB Quincy Bradford
|
0-0: Ball 1-0: Ball 2-0: Called Strike 2-1: Called Strike 2-2: Foul Ball, location: 2F 2-2: Ball 3-2: Foul Ball, location: 2F 3-2: Strikes out swinging
|
|
Batting: LHB Jeff Luvisi
|
0-0: Foul Ball, location: 2F 0-1: Ball 1-1: Ball 2-1: Ball 3-1: Fly out, F3 (Popup, 3SF, EV 86.2 MPH)
|
| Top of the 1st over - 1 run, 2 hits, 0 errors, 3 left on base; Oakland 1 - Texas 0 |
| BOTTOM OF THE 1ST |
|
Texas Rangers batting - Pitching for Oakland Athletics : RHP Bryce Schimmoeller
|
|
Pitching: RHP Bryce Schimmoeller
|
|
|
Batting: RHB Sébastien Piat
|
0-0: Ball 1-0: Called Strike 1-1: Foul Ball, location: 2F 1-2: Strikes out swinging
|
|
Batting: LHB Sean Geisler
|
0-0: Called Strike 0-1: Swinging Strike 0-2: Strikes out swinging
|
|
Batting: RHB Marc Peckermark
|
0-0: Ball 1-0: SINGLE (Groundball, 6M, EV 84.4 MPH) (infield hit)
|
|
Batting: RHB Zhao-ji Chi
|
0-0: Ball 1-0: Called Strike 1-1: Foul Ball, location: 2F 1-2: Strikes out swinging
|
| Bottom of the 1st over - 0 runs, 1 hit, 0 errors, 1 left on base; Oakland 1 - Texas 0 |
| TOP OF THE 2ND |
|
Oakland Athletics batting - Pitching for Texas Rangers : LHP Alfonso Guillen
|
|
Batting: SHB Ryan Langlois
|
0-0: Ball 1-0: Ball 2-0: Ground out U3 (Groundball, 34S, EV 87.5 MPH)
|
|
Batting: RHB Garry Hash
|
0-0: Called Strike 0-1: Swinging Strike 0-2: Foul Ball, location: 2F 0-2: Ball 1-2: SINGLE (Line Drive, 56D, EV 104.4 MPH)
|
|
Batting: RHB Robby Juarez
|
0-0: Called Strike Garry Hash steals 2nd base 0-1: SINGLE (Line Drive, 56D, EV 98.1 MPH) Garry Hash to third
|
|
Batting: RHB Tim Cordle
|
0-0: Ball 1-0: Ball 2-0: Foul Ball, location: 2F 2-1: Called Strike 2-2: Foul Ball, location: 2F 2-2: Ball 3-2: Foul Ball, location: 2F 3-2: Strikes out swinging
|
|
Batting: RHB Muneo Kawachi
|
0-0: Foul Ball, location: 2F 0-1: Ball 1-1: Foul Ball, location: 2F 1-2: Foul Ball, location: 2F 1-2: Ball 2-2: Ball Robby Juarez steals 2nd base 3-2: Strikes out swinging
|
| Top of the 2nd over - 0 runs, 2 hits, 0 errors, 2 left on base; Oakland 1 - Texas 0 |
| BOTTOM OF THE 2ND |
|
Texas Rangers batting - Pitching for Oakland Athletics : RHP Bryce Schimmoeller
|
|
Batting: SHB Tony Prado
|
0-0: Called Strike 0-1: Foul Ball, location: 2F 0-2: Strikes out swinging
|
|
Batting: RHB Imbart Faber
|
0-0: Ball 1-0: Ball 2-0: Ground out 6-3 (Groundball, 6, EV 82.5 MPH)
|
|
Batting: RHB Blake Ballard
|
0-0: Ball 1-0: Swinging Strike 1-1: Ground out 4-3 (Groundball, 4, EV 87.5 MPH)
|
| Bottom of the 2nd over - 0 runs, 0 hits, 0 errors, 0 left on base; Oakland 1 - Texas 0 |
| TOP OF THE 3RD |
|
Oakland Athletics batting - Pitching for Texas Rangers : LHP Alfonso Guillen
|
|
Batting: RHB Nick Gentzel
|
0-0: Ground out 5-3 (Groundball, 5S, EV 68.1 MPH)
|
|
Batting: RHB Yonetoshi Muranaka
|
0-0: Ground out 5-3 (Groundball, 5S, EV 70.0 MPH)
|
|
Batting: SHB Quincy Bradford
|
0-0: Ball 1-0: Ball 2-0: Ball 3-0: Called Strike 3-1: Foul Ball, location: 2F 3-2: Strikes out swinging
|
| Top of the 3rd over - 0 runs, 0 hits, 0 errors, 0 left on base; Oakland 1 - Texas 0 |
| BOTTOM OF THE 3RD |
|
Texas Rangers batting - Pitching for Oakland Athletics : RHP Bryce Schimmoeller
|
|
Batting: RHB Travis Robinson
|
0-0: Fly out, F8 (Flyball, 8LM, EV 93.1 MPH)
|
|
Batting: RHB Josh Ferguson
|
0-0: Foul Ball, location: 2F 0-1: Foul Ball, location: 2F 0-2: Fly out, F4 (Line Drive, 4, EV 60.6 MPH)
|
|
Batting: RHB Sébastien Piat
|
0-0: Called Strike 0-1: Foul Ball, location: 2F 0-2: Ball 1-2: Fly out, F8 (Flyball, 8RS, EV 88.8 MPH)
|
| Bottom of the 3rd over - 0 runs, 0 hits, 0 errors, 0 left on base; Oakland 1 - Texas 0 |
| TOP OF THE 4TH |
|
Oakland Athletics batting - Pitching for Texas Rangers : LHP Alfonso Guillen
|
|
Batting: LHB Jeff Luvisi
|
0-0: Ball 1-0: Called Strike 1-1: Called Strike 1-2: Strikes out swinging
|
|
Batting: SHB Ryan Langlois
|
0-0: Fly out, F8 (Line Drive, 8RD, EV 91.9 MPH)
|
|
Batting: RHB Garry Hash
|
0-0: Foul Ball, location: 2F 0-1: Swinging Strike 0-2: Strikes out swinging
|
| Top of the 4th over - 0 runs, 0 hits, 0 errors, 0 left on base; Oakland 1 - Texas 0 |
| BOTTOM OF THE 4TH |
|
Texas Rangers batting - Pitching for Oakland Athletics : RHP Bryce Schimmoeller
|
|
Batting: LHB Sean Geisler
|
0-0: Ground out 4-3 (Groundball, 4, EV 86.2 MPH)
|
|
Batting: RHB Marc Peckermark
|
0-0: Ball 1-0: Swinging Strike 1-1: Ball 2-1: Ball 3-1: Called Strike 3-2: Base on Balls
|
|
Batting: RHB Zhao-ji Chi
|
0-0: Ball 1-0: Foul Ball, location: 2F 1-1: Called Strike 1-2: SINGLE (Groundball, 4M, EV 85.0 MPH) (infield hit) Marc Peckermark to second
|
|
Batting: SHB Tony Prado
|
0-0: Ball 1-0: Called Strike 1-1: Ball 2-1: Foul Ball, location: 2F 2-2: Ball 3-2: Foul Ball, location: 2F 3-2: Foul Ball, location: 2F 3-2: Fly out, F8 (Flyball, 8RD, EV 105.0 MPH)
|
|
Batting: RHB Imbart Faber
|
0-0: Foul Ball, location: 2F 0-1: Ball 1-1: Ball 2-1: Swinging Strike 2-2: Strikes out swinging
|
| Bottom of the 4th over - 0 runs, 1 hit, 0 errors, 2 left on base; Oakland 1 - Texas 0 |
| TOP OF THE 5TH |
|
Oakland Athletics batting - Pitching for Texas Rangers : LHP Alfonso Guillen
|
|
Batting: RHB Robby Juarez
|
0-0: Called Strike 0-1: Ball 1-1: Foul Ball, location: 2F 1-2: Foul Ball, location: 2F 1-2: Ball 2-2: SINGLE (Groundball, 6S, EV 63.1 MPH) (infield hit)
|
|
Batting: RHB Tim Cordle
|
0-0: Swinging Strike 0-1: Ball 1-1: Ball 2-1: Ball 3-1: Base on Balls Robby Juarez to second
|
|
Batting: RHB Muneo Kawachi
|
0-0: Ball 1-0: Called Strike 1-1: Ball 2-1: Ball 3-1: Foul Ball, location: 2F 3-2: Foul Ball, location: 2F 3-2: Base on Balls Robby Juarez to third Tim Cordle to second
|
|
Batting: RHB Nick Gentzel
|
0-0: Called Strike 0-1: Called Strike 0-2: Strikes out swinging
|
|
Batting: RHB Yonetoshi Muranaka
|
0-0: Ball 1-0: Called Strike 1-1: Ball 2-1: Foul Ball, location: 2F 2-2: Reached on error, E6 (Groundball, 6, EV 86.9 MPH) Robby Juarez scores Tim Cordle to third Muneo Kawachi to second
|
|
Batting: SHB Quincy Bradford
|
0-0: Ball 1-0: Swinging Strike 1-1: SINGLE (Flyball, 78S, EV 97.5 MPH) Tim Cordle scores Muneo Kawachi to third Yonetoshi Muranaka to second Runner from 3rd tries for Home, throw by LF and OUT! 7-2
|
|
Batting: LHB Jeff Luvisi
|
0-0: Ball 1-0: Swinging Strike 1-1: Foul Ball, location: 2F 1-2: Foul Ball, location: 2F 1-2: Strikes out looking
|
| Top of the 5th over - 2 runs, 2 hits, 1 error, 2 left on base; Oakland 3 - Texas 0 |
| BOTTOM OF THE 5TH |
|
Texas Rangers batting - Pitching for Oakland Athletics : RHP Bryce Schimmoeller
|
|
Batting: RHB Blake Ballard
|
0-0: Ball 1-0: Foul Ball, location: 2F 1-1: Swinging Strike 1-2: Ball 2-2: Strikes out swinging
|
|
Batting: RHB Travis Robinson
|
0-0: Fly out, F7 (Flyball, 7, EV 86.9 MPH)
|
|
Batting: RHB Josh Ferguson
|
0-0: Foul Ball, location: 2F 0-1: Ball 1-1: Called Strike 1-2: Foul Ball, location: 2F 1-2: SINGLE (Line Drive, 34D, EV 96.2 MPH)
|
|
Batting: RHB Sébastien Piat
|
0-0: Called Strike 0-1: Called Strike 0-2: Ball 1-2: Foul Ball, location: 2F 1-2: Ball 2-2: Ball 3-2: 2-RUN HOME RUN (Flyball, 7LD, EV 94.4 MPH), Distance : 348 ft
|
|
Batting: LHB Sean Geisler
|
0-0: Called Strike 0-1: Foul Ball, location: 2F 0-2: Ball 1-2: Ball 2-2: Ball 3-2: DOUBLE (Line Drive, 78D, EV 110.6 MPH)
|
|
Batting: RHB Marc Peckermark
|
0-0: Ball 1-0: Foul Ball, location: 2F 1-1: Foul Ball, location: 2F 1-2: Strikes out looking
|
| Bottom of the 5th over - 2 runs, 3 hits, 0 errors, 1 left on base; Oakland 3 - Texas 2 |
| TOP OF THE 6TH |
|
Oakland Athletics batting - Pitching for Texas Rangers : LHP Alfonso Guillen
|
|
Pitching: RHP Mark Lopez
|
|
|
Batting: SHB Ryan Langlois
|
0-0: Ball 1-0: Called Strike 1-1: Foul Ball, location: 2F 1-2: Strikes out swinging
|
|
Batting: RHB Garry Hash
|
0-0: Ball 1-0: Called Strike 1-1: Swinging Strike 1-2: Foul Ball, location: 2F 1-2: Strikes out swinging
|
|
Batting: RHB Robby Juarez
|
0-0: Fly out, F6 (Popup, 6, EV 51.2 MPH)
|
| Top of the 6th over - 0 runs, 0 hits, 0 errors, 0 left on base; Oakland 3 - Texas 2 |
| BOTTOM OF THE 6TH |
|
Texas Rangers batting - Pitching for Oakland Athletics : RHP Bryce Schimmoeller
|
|
Batting: RHB Zhao-ji Chi
|
0-0: Ground out 6-3 (Groundball, 56, EV 99.4 MPH)
|
|
Batting: SHB Tony Prado
|
0-0: Ball 1-0: Swinging Strike 1-1: Foul Ball, location: 2F 1-2: Strikes out swinging
|
|
Batting: RHB Imbart Faber
|
0-0: Called Strike 0-1: Swinging Strike 0-2: Strikes out swinging
|
| Bottom of the 6th over - 0 runs, 0 hits, 0 errors, 0 left on base; Oakland 3 - Texas 2 |
| TOP OF THE 7TH |
|
Oakland Athletics batting - Pitching for Texas Rangers : RHP Mark Lopez
|
|
Batting: RHB Tim Cordle
|
0-0: Ball 1-0: Foul Ball, location: 2F 1-1: Ground out 6-3 (Groundball, 6M, EV 85.0 MPH)
|
|
Batting: RHB Muneo Kawachi
|
0-0: Called Strike 0-1: Ball 1-1: Foul Ball, location: 2F 1-2: Ground out 3-1 (Groundball, 34, EV 85.6 MPH)
|
|
Batting: RHB Nick Gentzel
|
0-0: Called Strike 0-1: Ball 1-1: Swinging Strike 1-2: Strikes out swinging
|
| Top of the 7th over - 0 runs, 0 hits, 0 errors, 0 left on base; Oakland 3 - Texas 2 |
| BOTTOM OF THE 7TH |
|
Texas Rangers batting - Pitching for Oakland Athletics : RHP Bryce Schimmoeller
|
|
Batting: RHB Blake Ballard
|
0-0: Ball 1-0: Swinging Strike 1-1: Called Strike 1-2: Ball 2-2: Ball 3-2: Strikes out swinging
|
|
Pinch Hitting: SHB Hans Mikkelsen
|
0-0: Ball 1-0: Ball 2-0: Fly out, F9 (Flyball, 9S, EV 97.5 MPH)
|
|
Batting: RHB Josh Ferguson
|
0-0: Ball 1-0: Swinging Strike 1-1: TRIPLE (Flyball, 89XD, EV 103.1 MPH)
|
|
Batting: RHB Sébastien Piat
|
0-0: Ball Wild Pitch! Josh Ferguson scores 1-0: Ball 2-0: SINGLE (Line Drive, 9S, EV 113.1 MPH)
|
|
Pitching: RHP Germano Nunes
|
|
|
Batting: LHB Sean Geisler
|
0-0: Ball 1-0: DOUBLE (Flyball, 8LXD, EV 104.4 MPH) Sébastien Piat to third Runner from 3rd tries for Home, SAFE, throw by CF to trailing runner, SAFE at third!
|
|
Batting: RHB Marc Peckermark
|
0-0: SINGLE (Groundball, 6MD, EV 103.1 MPH) Sean Geisler scores
|
|
Batting: RHB Zhao-ji Chi
|
0-0: Ball 1-0: SINGLE (Line Drive, 8LS, EV 100.6 MPH) Marc Peckermark to second
|
|
Batting: SHB Tony Prado
|
0-0: Ball 1-0: Ball 2-0: Called Strike 2-1: Ball 3-1: Base on Balls Marc Peckermark to third Zhao-ji Chi to second
|
|
Batting: RHB Imbart Faber
|
0-0: Ball 1-0: Foul Ball, location: 2F 1-1: Ball 2-1: DOUBLE (Line Drive, 9LS, EV 99.4 MPH) Marc Peckermark scores Zhao-ji Chi scores Tony Prado to third Runner from 3rd tries for Home, SAFE, throw by RF to home
|
|
Pitching: LHP David James
|
|
|
Pinch Runner at 2nd Jake Rheaume:
|
|
|
Batting: RHB Blake Ballard
|
0-0: Foul Ball, location: 2F 0-1: Called Strike 0-2: Strikes out swinging
|
| Bottom of the 7th over - 6 runs, 6 hits, 0 errors, 1 left on base; Oakland 3 - Texas 8 |
| TOP OF THE 8TH |
|
Oakland Athletics batting - Pitching for Texas Rangers : RHP Mark Lopez
|
|
Now at 2B: Rich Chavez
|
|
|
Now at 3B: Alvare Bairro
|
|
|
Batting: RHB Yonetoshi Muranaka
|
0-0: Ball 1-0: Ground out 6-3 (Groundball, 6, EV 83.8 MPH)
|
|
Batting: SHB Quincy Bradford
|
0-0: Called Strike 0-1: Called Strike 0-2: Foul Ball, location: 2F 0-2: Ball 1-2: Foul Ball, location: 2F 1-2: Fly out, F9 (Flyball, 89M, EV 92.5 MPH)
|
|
Batting: LHB Jeff Luvisi
|
0-0: Fly out, F7 (Flyball, 7D, EV 91.2 MPH)
|
| Top of the 8th over - 0 runs, 0 hits, 0 errors, 0 left on base; Oakland 3 - Texas 8 |
| BOTTOM OF THE 8TH |
|
Texas Rangers batting - Pitching for Oakland Athletics : LHP David James
|
|
Batting: SHB Rich Chavez
|
0-0: Called Strike 0-1: Swinging Strike 0-2: Ball 1-2: Strikes out swinging
|
|
Batting: RHB Josh Ferguson
|
0-0: Ball 1-0: Ball 2-0: Ball 3-0: Called Strike 3-1: Base on Balls
|
|
Batting: RHB Sébastien Piat
|
0-0: Foul Ball, location: 2F 0-1: Ball 1-1: Foul Ball, location: 2F 1-2: Ball 2-2: Ball 3-2: SINGLE (Groundball, 4D, EV 100.0 MPH) Josh Ferguson to second Josh Ferguson to third
|
|
Batting: LHB Sean Geisler
|
0-0: Ball 1-0: Ball 2-0: Foul Ball, location: 2F 2-1: Swinging Strike 2-2: Strikes out swinging
|
|
Batting: RHB Marc Peckermark
|
0-0: Called Strike 0-1: Ground out 5-3 (Groundball, 56S, EV 68.1 MPH)
|
| Bottom of the 8th over - 0 runs, 1 hit, 0 errors, 2 left on base; Oakland 3 - Texas 8 |
| TOP OF THE 9TH |
|
Oakland Athletics batting - Pitching for Texas Rangers : RHP Mark Lopez
|
|
Batting: SHB Ryan Langlois
|
0-0: Ball 1-0: Ball 2-0: Ball 3-0: Base on Balls
|
|
Batting: RHB Garry Hash
|
|
|
Pinch Hitting: LHB Tom Butterbaugh
|
0-0: Ball 1-0: Ball 2-0: Ball 3-0: Called Strike 3-1: Base on Balls Ryan Langlois to second
|
|
Pitching: RHP Danny Nsoah
|
|
|
Batting: RHB Robby Juarez
|
0-0: Ball 1-0: Called Strike 1-1: Called Strike 1-2: Ball 2-2: Foul Ball, location: 2F 2-2: Ball 3-2: Foul Ball, location: 2F 3-2: Foul Ball, location: 2F 3-2: Base on Balls Ryan Langlois to third Tom Butterbaugh to second
|
|
Batting: RHB Tim Cordle
|
0-0: Called Strike 0-1: Ball 1-1: Called Strike 1-2: Ball 2-2: SINGLE (Line Drive, 8RS, EV 92.5 MPH) Ryan Langlois scores Tom Butterbaugh to third Robby Juarez to second
|
|
Pitching: RHP Joe Bradford
|
|
|
Batting: RHB Muneo Kawachi
|
0-0: Ball 1-0: Ball 2-0: Swinging Strike 2-1: Ball 3-1: Base on Balls Tom Butterbaugh scores Robby Juarez to third Tim Cordle to second
|
|
Pinch Hitting: LHB Brian Feher
|
0-0: Ball 1-0: Foul Ball, location: 2F 1-1: Swinging Strike 1-2: Ball 2-2: Strikes out swinging
|
|
Pinch Hitting: LHB Bob Branham
|
0-0: Ball 1-0: Ball 2-0: Called Strike 2-1: Grounds into fielders choice 1-2 (Groundball, 13S, EV 63.8 MPH) Tim Cordle to third Muneo Kawachi to second
|
|
Batting: SHB Quincy Bradford
|
0-0: Ball 1-0: Foul Ball, location: 2F 1-1: Ball 2-1: Foul Ball, location: 2F 2-2: Strikes out swinging
|
| Top of the 9th over - 2 runs, 1 hit, 0 errors, 3 left on base; Oakland 5 - Texas 8 |
|